 Dungeon Crawl Stone Soup version 0.32-a0-292-g751ec8d2e7 (webtiles) character file.

Game seed: 2192746417459436600

171 Conn the Sneak (level 5, -2/31 HPs)
             Began as an Octopode Fire Elementalist on Feb 14, 2024.
             Slain by a water moccasin (9 damage)
             ... on level 7 of the Dungeon.
             The game lasted 00:04:17 (1940 turns).

Conn the Sneak (Octopode Fire Elementalist)         Turns: 1940, Time: 00:04:17

Health: -2/31      AC:  1    Str:  7    XL:     5   Next: 51%
Magic:  1/9        EV: 13    Int: 20    God:
Gold:   130        SH:  0    Dex: 12    Spells: 3/9 levels left

rFire   . . .        b - +0 short sword
rCold   . . .        (no shield)
rNeg    . . .        (helmet restricted)
rPois   .            d - amulet of faith
rElec   .            (no ring)
rCorr   .            (no ring)
SInv    .            (no ring)
Will    .....        (no ring)
Stlth   +++          (no ring)
HPRegen 0.25/turn    (no ring)
MPRegen 0.11/turn    (no ring)
                     (no ring)

%: faith
@: lethally poisoned (-2 -> -8)
A: almost no armour, amphibious, 8 rings, camouflage 1, gelatinous body 1,
(nimble swimmer 1), tentacles
a: no special abilities


You were on level 7 of the Dungeon.
You visited 1 branch of the dungeon, and saw 5 of its levels.

You collected 130 gold pieces.

Inventory:

Hand Weapons
 b - a +0 short sword (weapon)
Jewellery
 d - an amulet of faith (around mantle)
Wands
 f - a wand of polymorph (5)
 i - a wand of paralysis (10)
Scrolls
 c - 3 scrolls of identify {unknown}
 e - a scroll of fear {unknown}
Potions
 a - a potion of magic
 g - a potion of curing {unknown}


   Skills:
 + Level 3.0 Dodging
 + Level 4.2 Stealth
 + Level 2.8 Spellcasting
 + Level 2.3 Conjurations
 + Level 3.7 Fire Magic


You had 3 spell levels left.
You knew the following spells:

 Your Spells              Type           Power      Damage    Failure   Level
a - Foxfire               Conj/Fire      60%        2x1d7     4%          1
b - Scorch                Fire           36%        2d6       4%          2
c - Inner Flame           Hex/Fire       10%        N/A       21%         3

Your spell library contained the following spells:

 Spells                   Type           Power      Damage    Failure   Level
 Freeze                   Ice            8%         1d3       14%         1
 Volatile Blastmotes      Fire/Tloc      20%        2d11      21%         3
 Hailstorm                Conj/Ice       7%         3d5       26%         3
 Frozen Ramparts          Ice            4%         1d1       41%         3
 Flame Wave               Conj/Fire      15%        2d7       38%         4


Dungeon Overview and Level Annotations

Branches:
Dungeon (7/15)
 Temple: D:4-7

Altars:

Shops:
D:2 (


Innate Abilities, Weirdness & Mutations

You cannot wear most types of armour.
You are amphibious.
You can wear up to eight rings at the same time.
Your skin changes colour to match your surroundings (Stealth+).
Your rubbery body absorbs attacks. (AC +1, EV +1)
((You are camouflaged when in or above water. (Stealth+)))
You have tentacles for arms and can constrict up to eight enemies at once.


Message History

The orc misses you.
Aiming: Paralyse
Press: ? - help, Shift-Dir - straight line, f - steam dragon
Aim: a steam dragon (chance to affect: 49%)
The steam dragon suddenly stops moving!
The orc barely misses you.
Casting: Foxfire (safe; 4% risk of failure)
Confirm with . or Enter, or press ? or * to list all spells.
Flames lash the water moccasin.
The water moccasin is moderately wounded.
The water moccasin's fire resistance burns away.
Unknown command.
Casting: Scorch (safe; 4% risk of failure)
Confirm with . or Enter, or press ? or * to list all spells.
You conjure some foxfire!
The water moccasin bites you!
You are poisoned.
The water moccasin poisons you! The water moccasin barely misses you.
Unknown command.
You closely miss the water moccasin. You grab the water moccasin.
The water moccasin is moderately wounded.
You constrict the water moccasin, but do no damage.
You feel very sick.
The foxfire hits the water moccasin!
The water moccasin is burned terribly!
The water moccasin is heavily wounded.
The foxfire hits the water moccasin!
The water moccasin is burned terribly!
The water moccasin is almost dead.
The water moccasin barely misses you.
Unknown command.
You hit the water moccasin but do no damage.
You squeeze the water moccasin, but do no damage.
The water moccasin is almost dead.
You constrict the water moccasin, but do no damage.
You feel very sick. The water moccasin closely misses you.
Unknown command.
You hit the water moccasin but do no damage.
The water moccasin is almost dead.
You constrict the water moccasin.
You feel sick. The water moccasin bites you.
* * * LOW HITPOINT WARNING * * *
The water moccasin bites you!
You die...

.. #.##...##.# #.##
##.#.⌠.⌠.#.#
..##.#.#..<..#.# #...
#.#.⌠.⌠.#.# ..
#..###.##...##.# ...###
#....#.⌠#####⌠.# ......
##....##.......##
#..#.###..S...####'####
#........#@.......#..#
##...#oD##........<..#
#..!............###.><.#
#...##.##.............#.#
#.. .............#### #
......#.###.......#
#..###...# #.......# ..
#..## ######### # ###


You could see a water moccasin (combustible).

Vanquished Creatures
  A scorpion (D:7)
  A hound (D:6)
  An adder (D:2)
  2 white imps (D:7)
  2 dart slugs (D:2)
  4 ball pythons
  4 endoplasms
  2 giant cockroaches (D:1)
  2 goblins (D:1)
  A hobgoblin (D:1)
  2 quokkas
  4 bats
  3 frilled lizards
  3 kobolds
  3 rats
35 creatures vanquished.

Vanquished Creatures (others)
  53 foxfires
53 creatures vanquished.

Grand Total: 88 creatures vanquished

Notes
Turn   | Place    | Note
-------+----------+-------------------------------------------
     0 | D:1      | Conn the Octopode Fire Elementalist began the quest for the
                  | Orb.
     0 | D:1      | Reached XP level 1. HP: 11/11 MP: 3/3
   135 | D:1      | Reached skill level 3 in Stealth
   135 | D:1      | Reached XP level 2. HP: 17/17 MP: 0/5
   478 | D:1      | Reached XP level 3. HP: 21/21 MP: 1/6
  1013 | D:2      | Found Celagif's Antique Weapon Emporium.
  1212 | D:2      | Reached XP level 4. HP: 27/27 MP: 2/7
  1523 | D:2      | Learned a level 2 spell: Scorch
  1527 | D:2      | Learned a level 3 spell: Inner Flame
  1701 | D:3      | You fall into a shaft and drop 3 floors!
  1888 | D:7      | Noticed a scorpion
  1904 | D:7      | Killed a scorpion
  1905 | D:7      | Reached skill level 4 in Stealth
  1905 | D:7      | Reached XP level 5. HP: 20/31 MP: 0/9
  1926 | D:7      | Noticed a steam dragon
  1928 | D:7      | Noticed a water moccasin
  1940 | D:7      | Slain by a water moccasin

Illustrated notes

Levels and vault maps discovered:
D:1:      ncdulo_wetmaze, layout_basic, hangedman_decor_clover_reticule
D:2:      layout_basic, serial_shops, shop
D:3:      layout_basic, portal_sewer_entry_b
D:6:      layout_layer_cave, lemuel_tele_altar, grunt_dithmenos_smoke,
          serial_shops, nicolae_shop_stone, minivault_5, uniq_grinder
D:7:      layout_rooms, serial_shops, shop, grunt_ministairs_11, uniq_maurice

Skill      XL: |  1  2  3  4 |
---------------+-------------+-----
Stealth        | 3 4 |  4.2
Conjurations   | 2 |  2.3
Dodging        | 3 |  3.0
Spellcasting   | |  2.8
Fire Magic     | |  3.7

Action                     |  1- 3 |  4- 6 || total
---------------------------+-------+-------++-------
  Melee: Unarmed           |     3 |       ||     3
         Constrict         |     5 |     3 ||     8
         Short sword       |    23 |    15 ||    38
         Tentacles         |     1 |     1 ||     2
   Cast: Foxfire           |    40 |    12 ||    52
         Scorch            |       |     7 ||     7
  Evoke: Wand              |       |     1 ||     1
    Use: Scroll            |       |     2 ||     2
         Potion            |       |     1 ||     1
   Stab: Sleeping          |     4 |     2 ||     6
 Armour: Skin              |     9 |    12 ||    21
  Dodge: Dodged            |    13 |    22 ||    35

Table legend: (Time is in decaauts)
 A = Elapsed time spent in this place.
 B = Non-inter-level travel time spent in this place.
 C = Inter-level travel time spent in this place.
 D = Time resting spent in this place.
 E = Time spent auto-exploring this place.
 F = Levels seen in this place.
 G = Mean time per level.
                   A        B        C        D        E       F      G
               +--------+--------+--------+--------+--------+-----+--------+
         Total |   1938 |   1923 |     15 |    119 |   1275 |   5 |  387.6 |
       Dungeon |   1938 |   1923 |     15 |    119 |   1275 |   5 |  387.6 |
               +--------+--------+--------+--------+--------+-----+--------+

Top non-repeatable levels by time:
     D:1: 947 daAuts
     D:2: 593 daAuts
     D:7: 210 daAuts
     D:3: 158 daAuts
     D:6: 27 daAuts
